 Dungeon Crawl Stone Soup version 0.15-a0-1968-gb423ccb (webtiles) character file.

6440 FiftyNine the Tainter (level 11, -17/77 HPs)
             Began as a Human Wanderer on July 10, 2014.
             Was a Priest of Kikubaaqudgha.
             Demolished by a hill giant
             ... wielding a +0 giant spiked club
              (23 damage)
             ... on Level 10 of the Dungeon.
             The game lasted 01:31:00 (15852 turns).

FiftyNine the Tainter (Human Wanderer)             Turns: 15852, Time: 01:31:00

HP -17/77        AC  8     Str 12      XL: 11   Next: 18%
MP  17/23        EV  9     Int 23      God: Kikubaaqudgha [***...]
Gold 438         SH  0     Dex 12      Spells:  3 memorised, 14 levels left

rFire  . . .     SeeInvis .     E - +0 halberd
rCold  . . .     Clarity  .     L - +2 ring mail of a volcano {Int+4 Stlth+}
rNeg   . . .     rCorr    .     (no shield)
rPois  .         rRot     .     (no helmet)
rElec  .         Spirit   .     y - +0 cloak
SustAb .         Warding  .     (no gloves)
rMut   .         Stasis   .     (no boots)
Gourm  +                        K - amulet of the gourmand
MR     .....                    F - ring of stealth
                                d - +2 ring of strength

@: very slightly contaminated, not resistant to hostile enchantments, fairly
stealthy
A: no striking features
a: Receive Corpses, Renounce Religion


You were on level 10 of the Dungeon.
You worshipped Kikubaaqudgha.
Kikubaaqudgha was most pleased with you.
You were not hungry.

You visited 1 branch of the dungeon, and saw 10 of its levels.

You collected 438 gold pieces.

Inventory:

Hand weapons
 b - a +0 short sword
 c - a +0 spear
 E - a +0 halberd (weapon)
 M - a +2 spear of piercing
Missiles
 n - 6 stones
 p - a throwing net (quivered)
Armour
 k - a +1 buckler
 o - a +1 ring mail of fire resistance
 v - a +3 leather armour
 y - a +0 cloak (worn)
 z - a +1 leather armour of poison resistance
 C - a +0 leather armour of cold resistance
 L - the +2 ring mail of a volcano (worn) {Int+4 Stlth+}
   (You found it on level 9 of the Dungeon)

   It affects your intelligence (+4).
   It makes you more stealthy.
Magical devices
 g - a wand of random effects (0)
 r - a wand of enslavement (11)
 s - a wand of fireball (6)
 x - a wand of digging (10)
 D - a wand of draining (4)
 H - a wand of slowing (15)
 N - a wand of frost (6)
 P - a wand of confusion (0) {unknown}
Comestibles
 f - 2 bread rations
 q - 5 meat rations
 R - 3 chunks of orc flesh
Scrolls
 j - 8 scrolls of identify
 m - 3 scrolls of teleportation
 u - 4 scrolls of remove curse
 A - 2 scrolls of enchant armour
 B - a scroll of fog
Jewellery
 d - a +2 ring of strength (left hand)
 l - an uncursed amulet of faith
 t - an uncursed amulet of guardian spirit
 F - a ring of stealth (right hand)
 J - an uncursed amulet of warding
 K - an amulet of the gourmand (around neck)
Potions
 e - a potion of restore abilities
 h - 6 potions of curing
 i - 2 potions of agility
 G - a potion of might
 Q - a potion of brilliance
Books
 a - a Young Poisoner's Handbook

   Spells                             Type                      Level
   *Sting                             Conjuration/Poison           1
   *Cure Poison                       Poison                       2
   *Mephitic Cloud                    Conjuration/Poison/Air       3
   Olgreb's Toxic Radiance            Poison                       4
   Venom Bolt                         Conjuration/Poison           5
 w - Kikubaaqudgha's Almanac of Necromancy
   (Kikubaaqudgha gifted it to you on level 4 of the Dungeon)

   Spells                             Type                      Level
   Pain                               Necromancy                   1
   Corpse Rot                         Necromancy                   2
   Sublimation of Blood               Necromancy                   2
   Regeneration                       Charms/Necromancy            3
   Control Undead                     Necromancy                   4
 I - Kikubaaqudgha's Reference Book on Black Secrets
   (Kikubaaqudgha gifted it to you on level 9 of the Dungeon)

   Spells                             Type                      Level
   Excruciating Wounds                Charms/Necromancy            5
   Agony                              Necromancy                   5
   Dispel Undead                      Necromancy                   5
   Twisted Resurrection               Necromancy                   5
   Simulacrum                         Ice/Necromancy               6
 O - a book of Wizardry

   Spells                             Type                      Level
   Agony                              Necromancy                   5
   Force Lance                        Conjuration                  5
   Dispersal                          Translocation                6
   Haste                              Charms                       6
   Invisibility                       Hexes                        6
   Spellforged Servitor               Conjuration/Summoning        7


   Skills:
 - Level 4.0 Fighting
 - Level 10.0 Polearms
 - Level 1.0 Dodging
 - Level 1.0 Stealth
 - Level 1.5 Shields
 - Level 5.2 Spellcasting
 - Level 4.1 Conjurations
 + Level 3.5 Necromancy
 - Level 10.0 Poison Magic
 - Level 0.2 Evocations


You had 14 spell levels left.
You knew the following spells:

 Your Spells              Type           Power        Failure   Level  Hunger
a - Sting                 Conj/Pois      ####         1%          1    None
b - Cure Poison           Pois           ######....   1%          2    None
c - Mephitic Cloud        Conj/Pois/Air  ####....     8%          3    ##.....


Dungeon Overview and Level Annotations

Branches:
Dungeon (10/15)            Temple (0/1) D:7
    Orc: D:9-12        Lair: D:8-11

Altars:
Cheibriados
Gozag
Kikubaaqudgha
Makhleb
Qazlal

Annotations:
D:5 Grinder


Message History

Read which item? (? for menu, Esc to quit)
Okay, then.
A cyclops comes into view.
Drink which item? (? for menu, Esc to quit)
Okay, then.
Evoke which item? (* to show all) (? for menu, Esc to quit)
Okay, then.
The hill giant hits you with a giant spiked club!!
* * * LOW HITPOINT WARNING * * *
Drink which item? (? for menu, Esc to quit)
Okay, then.
Read which item? (? for menu, Esc to quit)
Okay, then.
Throwing (i - inventory. (,) - cycle):
p - 2 throwing nets (quivered)
Press: ? - help, Shift-Dir - straight line, f - hill giant
Aim: a hill giant, wielding a giant spiked club You throw a throwing net.
The throwing net hits the hill giant.
The hill giant hits you with a giant spiked club!!
You die...
Kikubaaqudgha rasps: "You have failed me!
Welcome... death!"

####### #.....## #%...(.##
###..#.#..#############
##..((..((.<<<.........##
#.....#.#.......@.......#
......(.[.#...(.C.....###
.....(#####[..........#
.........)............#
..............[..(....#
...........(.........#####..##
............(.#.............#
.........(..###.............
...........## ##...........


You could see a hill giant.

Vanquished Creatures
  Erolcha (D:8)
  A hill giant (D:8)
  Pikel (D:7)
  2 two-headed ogres (D:9)
  A hippogriff (D:8)
  Grum (D:8)
  A hungry ghost (D:8)
  A hill giant skeleton (D:8)
  2 wolves (D:8)
  Edmund (D:9)
  5 sky beasts (D:8)
  2 orc warriors
  5 ogres
  A centaur (D:8)
  5 phantoms
  3 slaves
  Blork the orc (D:8)
  A crocodile (D:9)
  4 giant frogs
  3 scorpions
  3 wights (D:7)
  6 killer bees (D:9)
  A giant frog zombie (D:9)
  3 crimson imps
  2 goliath beetles
  The ghost of Charly the Ruffian, a weakling VSTm (D:4)
  3 hounds
  4 jellies
  Crazy Yiuf (D:6)
  3 iguanas
  4 orc priests
  3 orc wizards
  9 worker ants
  Ijyb (D:4)
  A hound zombie (D:7)
  A mummy (D:8)
  A worker ant zombie (D:8)
  10 adders
  7 gnolls
  2 worms
  A giant mite (D:3)
  2 adder skeletons
  6 giant geckos
  2 oozes
  33 orcs
  4 ball pythons
  9 giant cockroaches
  17 goblins
  14 hobgoblins
  17 jackals
  14 kobolds
  13 bats
  4 giant newts
  A goblin skeleton (D:4)
  A hobgoblin skeleton (D:4)
  A kobold zombie (D:5)
  3 quokkas
  10 rats
  3 ballistomycetes (D:9)
263 creatures vanquished.

Vanquished Creatures (others)
  A killer bee (D:9)
  2 giant spores
  A ballistomycete (D:9)
4 creatures vanquished.

Grand Total: 267 creatures vanquished

Notes
Turn   | Place    | Note
--------------------------------------------------------------
     0 | D:1      | FiftyNine, the Human Wanderer, began the quest for the Orb.
     0 | D:1      | Reached XP level 1. HP: 19/19 MP: 2/2
     3 | D:1      | Learned a level 1 spell: Sting
   165 | D:1      | Reached skill level 1 in Conjurations
   304 | D:1      | Reached XP level 2. HP: 23/25 MP: 3/3
   798 | D:1      | Reached XP level 3. HP: 24/30 MP: 0/4
  1368 | D:2      | Learned a level 2 spell: Cure Poison
  2371 | D:2      | Reached XP level 4. HP: 22/37 MP: 5/5
  3399 | D:3      | Reached XP level 5. HP: 5/42 MP: 0/7
  4072 | D:3      | Found an ancient bone altar of Kikubaaqudgha.
  4141 | D:3      | Became a worshipper of Kikubaaqudgha
  5146 | D:3      | Learned a level 3 spell: Mephitic Cloud
  5155 | D:4      | Reached XP level 6. HP: 48/48 MP: 0/8
  5242 | D:4      | Noticed Charly's ghost (weakling VSTm)
  5562 | D:4      | Killed Charly's ghost
  6297 | D:4      | Acquired Kikubaaqudgha's first power
  6297 | D:4      | Received a gift from Kikubaaqudgha
  6300 | D:4      | Identified Kikubaaqudgha's Almanac of Necromancy (Kikubaaqudgha gifted it to you on level 4 of the Dungeon)
  6762 | D:3      | Reached XP level 7. HP: 54/54 MP: 10/14
  7349 | D:4      | Noticed Ijyb
  7366 | D:4      | Killed Ijyb
  7699 | D:4      | Noticed an ogre
  7715 | D:4      | Killed an ogre
  7870 | D:5      | Entered Level 5 of the Dungeon
  7880 | D:5      | Noticed Grinder
  8094 | D:5      | Paralysed by Grinder for 2 turns
  8336 | D:6      | Reached skill level 5 in Spellcasting
  8336 | D:6      | Reached XP level 8. HP: 42/60 MP: 10/20
  8566 | D:6      | Reached skill level 5 in Poison Magic
  8824 | D:6      | Found a burning altar of Makhleb.
  8828 | D:6      | Acquired Kikubaaqudgha's second power
  8833 | D:6      | Found a stormy altar of Qazlal.
  9469 | D:6      | Got an ichor-stained ring mail
  9479 | D:6      | Identified the cursed -2 ring mail of Galimew {Str+3 Dex+2} (You found it on level 6 of the Dungeon)
  9790 | D:6      | Reached skill level 6 in Poison Magic
 10102 | D:6      | Noticed Crazy Yiuf
 10112 | D:6      | Killed Crazy Yiuf
 10318 | D:7      | Found a staircase to the Ecumenical Temple.
 10477 | D:7      | Noticed Pikel
 10760 | D:7      | Killed Pikel
 10760 | D:7      | Reached skill level 8 in Poison Magic
 10760 | D:7      | Reached XP level 9. HP: 65/65 MP: 11/21
 10937 | D:7      | Found an opulent altar of Gozag.
 10984 | D:7      | Reached skill level 9 in Poison Magic
 11683 | D:8      | Reached skill level 10 in Poison Magic
 11756 | D:8      | Reached skill level 1 in Polearms
 11757 | D:8      | Noticed Grum
 11771 | D:8      | Killed Grum
 11932 | D:8      | Reached XP level 10. HP: 25/71 MP: 7/22
 12173 | D:8      | Noticed Erolcha
 12183 | D:8      | Killed Erolcha
 12308 | D:8      | Noticed Blork the orc
 12321 | D:8      | Killed Blork the orc
 13473 | D:8      | Noticed a hill giant
 13490 | D:8      | Killed a hill giant
 13736 | D:9      | Received a gift from Kikubaaqudgha
 13739 | D:9      | Identified Kikubaaqudgha's Reference Book on Black Secrets (Kikubaaqudgha gifted it to you on level 9 of the Dungeon)
 14242 | D:9      | Got a transparent ring mail
 14252 | D:9      | Identified the +2 ring mail of a volcano {Int+4 Stlth+} (You found it on level 9 of the Dungeon)
 14393 | D:9      | Reached XP level 11. HP: 77/77 MP: 18/23
 14660 | D:9      | Noticed Edmund
 14673 | D:9      | Killed Edmund
 14869 | D:9      | Reached skill level 10 in Polearms
 14884 | D:9      | Reached skill level 1 in Necromancy
 15016 | D:9      | Found a snail-covered altar of Cheibriados.
 15307 | D:10     | Entered Level 10 of the Dungeon
 15740 | D:10     | Noticed a hill giant
 15846 | D:10     | Noticed a cyclops
 15852 | D:10     | Demolished by a hill giant

Action                   |  1- 3 |  4- 6 |  7- 9 | 10-12 || total
-------------------------+-------+-------+-------+-------++-------
Melee: Short sword       |   138 |   237 |       |       ||   375
       Spear             |       |     3 |   274 |       ||   277
       Halberd           |       |       |    70 |   318 ||   388
Throw: Stone             |       |    16 |    10 |    24 ||    50
       Throwing net      |       |       |     4 |     1 ||     5
 Cast: Sting             |    29 |   109 |   198 |   152 ||   488
       Mephitic Cloud    |       |     2 |    14 |    12 ||    28
       Cure Poison       |       |       |     1 |       ||     1
Evoke: Wand              |       |     3 |     4 |    18 ||    25
  Use: Scroll            |       |     7 |     5 |     1 ||    13
       Potion            |       |     5 |     3 |     1 ||     9
 Stab: Sleeping          |       |       |     2 |     3 ||     5
       Confused          |       |       |     3 |     1 ||     4
       Distracted        |       |       |       |     1 ||     1
  Eat: Chunk             |     2 |    17 |    13 |    14 ||    46
       Bread ration      |     1 |       |     1 |     1 ||     3
       Pizza             |       |       |     1 |     1 ||     2
       Meat ration       |       |       |       |     1 ||     1
       Beef jerky        |       |       |       |     1 ||     1
